 Seeded DCSS version 0.28-a0-1117-g0bdd5ba030 (webtiles) character file.

Game seed: 16008875487339432128 (custom seed)

2671 croobank the Spear-Bearer (level 9, 0/54 HPs)
             Began as an Octopode Conjurer on Dec 11, 2021.
             Was an Elder of Vehumet.
             Slain by a gnoll shaman (7 damage)
             ... on level 7 of the Dungeon.
             The game lasted 00:55:13 (9345 turns).

croobank the Spear-Bearer (Octopode Conjurer)       Turns: 9345, Time: 00:55:14

Health: 0/54       AC:  1    Str: 10    XL:     9   Next: 63%
Magic:  14/14      EV: 14    Int: 27    God:    Vehumet [****..]
Gold:   514        SH:  5    Dex: 23    Spells: 0/15 levels left

rFire   . . .      SeeInvis +   o - +5 spear "Siroguso" {protect, Fragile Fly Dex+7 Stlth+}
rCold   + . .      Faith    .   (no shield)
rNeg    . . .      Spirit   .   (helmet restricted)
rPois   .          Reflect  +   f - amulet of reflection
rElec   .          Harm     .   a - ring of see invisible
rCorr   .          Rampage  .   e - +6 ring of intelligence
Will    .....                   k - +6 ring of dexterity
Stlth   +++++.....              (no ring)
HPRegen 0.18/turn               (no ring)
MPRegen 0.14/turn               (no ring)
                                (no ring)
                                (no ring)

@: flying, hasted, unable to read, very quick
A: almost no armour, amphibious, 8 rings, camouflage 1, gelatinous body 1,
(nimble swimmer 1), tentacles, cold resistance 1, screaming 1, inability to read
while threatened
a: Renounce Religion


You were on level 7 of the Dungeon.
You worshipped Vehumet.
Vehumet was greatly pleased with you.
You visited 1 branch of the dungeon, and saw 7 of its levels.
You also visited: Ossuary.

You collected 514 gold pieces.

Inventory:

Hand Weapons
 b - a +0 vorpal hunting sling
 c - a +0 dire flail
 m - a +0 morningstar
 o - the +5 spear "Siroguso" (weapon) {protect, Fragile Fly Dex+7 Stlth+}
   (You found it on level 6 of the Dungeon)

   It grants its wielder temporary protection when it strikes (+7 to AC).
   Dex:       It affects your dexterity (+7).
   Fly:       It grants you flight.
   Fragile:   It will be destroyed if unequipped.
   Stlth:     It makes you more stealthy.
 v - a +0 antimagic whip
 x - a +0 vorpal flail
 C - a +4 falchion
 D - a +8 scimitar
Missiles
 g - 251 stones
 h - 23 sling bullets
 l - 2 throwing nets
Magical Staves
 u - a staff of conjuration
Jewellery
 a - a ring of see invisible (left tentacle)
 e - a +6 ring of intelligence (right tentacle)
 f - an amulet of reflection (around mantle)
 k - a +6 ring of dexterity (on tentacle)
 A - the necklace of Bloodlust {*Rage Will++ Int-3 Slay+6}
   (You found it on level 7 of the Dungeon)

   [amulet of nothing]

   It extends the wearer's berserk rage when killing foes.
   Int:       It affects your intelligence (-3).
   Slay:      It affects your accuracy & damage with ranged weapons and melee
   (+6).
   *Rage:     It berserks you when you make melee attacks (+50% chance).
   Will:      It greatly increases your willpower.
Wands
 q - a wand of flame (8)
Scrolls
 d - 8 scrolls of identify {identify}
 i - a scroll of noise {noise, unknown}
 j - a scroll of blinking
 r - 2 scrolls of teleportation {teleport, unknown}
 s - a scroll of amnesia
 t - 3 scrolls of vulnerability {vulnerability, unknown}
 y - a scroll of magic mapping {magic mapping, unknown}
 B - a scroll of fear
 E - a scroll of holy word {unknown}
Potions
 n - 3 potions of flight {flight, unknown}
 p - a potion of might {might, unknown}
 w - a potion of cancellation {cancellation, unknown}


   Skills:
 - Level 1.7 Fighting
 - Level 2.3 Short Blades
 + Level 10.5 Polearms
 - Level 2.7 Dodging
 - Level 4.3 Stealth
 - Level 1.2 Shields
 - Level 1.0 Unarmed Combat
 - Level 3.7 Spellcasting
 - Level 4.9 Conjurations
 - Level 2.1 Fire Magic
 - Level 0.2 Ice Magic


You couldn't memorise any spells.
You knew the following spells:

 Your Spells              Type           Power      Damage    Failure   Level
a - Magic Dart            Conj           100%       1d8       1%          1
b - Freeze                Ice            24%        1d5       2%          1
c - Searing Ray           Conj           62%        2d6       1%          2
d - Scorch                Fire           32%        2d6       1%          2
e - Fulminant Prism       Conj/Hex       9%         3d7       8%          4
f - Freezing Cloud        Conj/Ice/Air   7%         6-21      28%         5

Your spell library contained the following spells:

 Spells                   Type           Power      Damage    Failure   Level
 Conjure Flame            Conj/Fire      24%        6-21      1%          3
 Sandblast                Erth           10%        2d5       2%          1
 Dazzling Flash           Conj/Hex       36%        N/A       2%          3
 Stone Arrow              Conj/Erth      36%        3d9       2%          3
 Iskenderun's Mystic Bla  Conj/Tloc      18%        2d6       8%          4
 Ensorcelled Hibernation  Hex/Ice        10%        N/A       12%         2
 Passwall                 Tmut/Erth      4%         N/A       12%         2
 Confusing Touch          Hex            5%         N/A       24%         3
 Summon Mana Viper        Hex/Summ       5%         N/A       92%         5
 Simulacrum               Ice/Necr       2%         N/A       100%        6
 Polar Vortex             Ice            3%         N/A       100%        9


Dungeon Overview and Level Annotations

Branches:
Dungeon (7/15)            Ossuary (visited)
 Temple: D:4-7

Altars:
Vehumet
Wu Jian
The Shining One

Annotations:
D:5 1 runed translucent door, bande's ghost, novice GrFi


Innate Abilities, Weirdness & Mutations

You cannot wear most types of armour.
You are amphibious.
You can wear up to eight rings at the same time.
Your skin changes colour to match your surroundings (Stealth+).
Your rubbery body absorbs attacks. (AC +1, EV +1)
((You are camouflaged near water. (Stealth+)))
You have tentacles for arms and can constrict up to eight enemies at once.
Your flesh is cold resistant. (rC+)
You occasionally shout uncontrollably at your foes.
You sometimes lose the ability to read scrolls when taking damage.


Message History

Vehumet accepts your kill.
You yell at the centaur skeleton!
A centaur skeleton comes into view.
The gnoll sergeant hits you with a +0 trident!
Things that are here:
a +0 club; a +0 halberd; a gnoll corpse You barely miss the gnoll sergeant.
Your grab misses the gnoll sergeant. Your squeeze misses the gnoll sergeant.
The gnoll sergeant hits you with a +0 trident.
You hit the gnoll sergeant. Your grab misses the gnoll sergeant.
The gnoll sergeant is moderately wounded.
You hit the gnoll sergeant but do no damage.
Your grab misses the gnoll sergeant.
The gnoll sergeant is moderately wounded.
The gnoll sergeant misses you.
You hit the gnoll sergeant but do no damage.
Your grab misses the gnoll sergeant.
The gnoll sergeant is moderately wounded.
The gnoll sergeant barely misses you.
You hit the gnoll sergeant. Your grab misses the gnoll sergeant.
The gnoll sergeant is moderately wounded.
You hit the gnoll sergeant. Your grab misses the gnoll sergeant.
You squeeze the gnoll sergeant.
The gnoll sergeant is heavily wounded.
The gnoll sergeant hits you with a +0 trident!
* * * LOW HITPOINT WARNING * * *
You block the gnoll sergeant's attack.
Things that are here:
a +0 club; a gnoll corpse You see here a howler monkey corpse.
You block the centaur skeleton's attack. x2
It was a potion of haste {haste}.
You feel yourself speed up. The centaur skeleton hits you.
* * * LOW HITPOINT WARNING * * *
The centaur skeleton kicks you.
* * * LOW HITPOINT WARNING * * *
A gnoll shaman comes into view. It is wielding a +0 whip.
A gnoll comes into view. It is wielding a +0 club.
The gnoll shaman hits you with a +0 whip!
You die...

$# # .#.# . ####### #.#. ..
#.....#######...#...
#...)...............
#...................
##########......## #.....#..
#.........>..g@Z.####).......
#.##########.##..g.†))###....
###†# #.##..####.....# .
....# #.##..# ####### #####
#.##..# ########### #.##..#
..........####.##..# ..
#########.......g..#
######.#.
#.####.##.######(.......


You could see a gnoll sergeant, a gnoll shaman and a centaur skeleton.

Vanquished Creatures
  Eustachio (D:5)
  A yak (D:5)
  Edmund (D:4)
  3 water moccasins
  An ice beast (D:6)
  2 phantoms
  The ghost of petzl the Vexing, an amateur OpAM (D:3)
  An elf zombie (Ossuary)
  Blork the orc (D:5)
  A bullfrog (D:7)
  A wyvern zombie (D:7)
  2 scorpions (D:5)
  A water moccasin skeleton (D:5)
  The ghost of tkbsonic5 the Poker, a weakling MiMo (D:4)
  4 wights
  5 howler monkeys
  A bullfrog zombie (D:5)
  2 quasits (D:3)
  3 centaur skeletons
  Jessica (D:3)
  2 bullfrog skeletons
  5 orc wizards
  3 iguanas
  A hound zombie (D:5)
  A hound skeleton (D:5)
  2 mummies (Ossuary)
  4 gnolls (D:7)
  A howler monkey zombie (D:5)
  8 adders
  2 worms (D:3)
  An adder skeleton (D:5)
  4 dart slugs
  19 orcs
  3 endoplasms
  A giant cockroach (D:4)
  3 gnoll zombies (Ossuary)
  5 goblins
  8 hobgoblins
  4 jackals (D:2)
  3 quokkas
  8 ball pythons
  6 bats
  4 frilled lizards
  5 goblin zombies (Ossuary)
  9 kobolds
  5 orc zombies (Ossuary)
  9 rats
160 creatures vanquished.

Vanquished Creatures (collateral kills)
  A quasit (D:3)
1 creature vanquished.

Grand Total: 161 creatures vanquished

Notes
Turn   | Place    | Note
-------+----------+-------------------------------------------
     0 | D:1      | croobank the Octopode Conjurer began the quest for the Orb.
     0 | D:1      | Reached XP level 1. HP: 11/11 MP: 3/3
   841 | D:1      | Reached XP level 2. HP: 17/17 MP: 3/5
   926 | D:1      | Noticed a shining eye
   928 | D:1      | Found a faded altar of an unknown god.
   932 | D:1      | Noticed a golden eye
   932 | D:1      | Noticed an eye of devastation
   932 | D:1      | Noticed an eye of devastation
   951 | D:1      | Prayed at the altar of an unknown god.
   951 | D:1      | Became a worshipper of Vehumet
   951 | D:1      | Reached * piety under Vehumet
   951 | D:1      | Offered knowledge of Freeze by Vehumet.
   954 | D:1      | Learned a level 1 spell: Freeze
  1451 | D:2      | Reached skill level 1 in Unarmed Combat
  1456 | D:2      | Reached XP level 3. HP: 21/21 MP: 3/6
  1678 | D:2      | Learned a level 2 spell: Searing Ray
  1992 | D:2      | Offered knowledge of Scorch by Vehumet.
  2037 | D:2      | Learned a level 2 spell: Scorch
  2195 | D:2      | Reached ** piety under Vehumet
  2218 | D:2      | Reached XP level 4. HP: 27/27 MP: 2/7
  2668 | D:3      | Found a transporter.
  2668 | D:3      | Noticed petzl's ghost (amateur OpAM)
  2693 | D:3      | Found a transporter.
  3028 | D:3      | Found an ornate altar of the Wu Jian Council.
  3470 | D:3      | Noticed Jessica
  3473 | D:3      | Killed Jessica
  3474 | D:3      | Reached skill level 1 in Short Blades
  3474 | D:3      | Reached XP level 5. HP: 32/32 MP: 5/9
  3671 | D:3      | Reached skill level 1 in Fire Magic
  3790 | D:3      | Killed petzl's ghost
  3790 | D:3      | Offered knowledge of Frozen Ramparts by Vehumet.
  3791 | D:3      | Reached skill level 1 in Shields
  3791 | D:3      | Reached XP level 6. HP: 18/37 MP: 2/10
  3800 | D:3      | Reached skill level 1 in Fighting
  4653 | D:4      | Found a sand-covered staircase.
  4663 | Ossuary  | Entered an ossuary
  5367 | D:4      | Reached XP level 7. HP: 43/43 MP: 7/12
  5415 | D:4      | Noticed Edmund
  5430 | D:5      | Entered Level 5 of the Dungeon
  5588 | D:6      | Identified the +5 spear "Siroguso" {protect, Fragile Fly
                  | Dex+7 Stlth+}
  5636 | D:5      | Reached *** piety under Vehumet
  6100 | D:4      | Learned a level 4 spell: Fulminant Prism
  6109 | D:4      | Found a runed translucent door.
  6109 | D:4      | Noticed tkbsonic5's ghost (weakling MiMo)
  6146 | D:4      | Reached skill level 1 in Polearms
  6216 | D:4      | Reached skill level 2 in Polearms
  6315 | D:4      | Reached skill level 3 in Polearms
  6319 | D:4      | Offered knowledge of Sticky Flame by Vehumet.
  6697 | D:4      | Killed Edmund
  6698 | D:4      | Reached skill level 4 in Polearms
  6792 | D:4      | Killed tkbsonic5's ghost
  6793 | D:4      | Reached XP level 8. HP: 37/49 MP: 13/13
  7043 | D:5      | Noticed Eustachio
  7059 | D:5      | Killed Eustachio
  7060 | D:5      | Reached skill level 5 in Polearms
  7266 | D:5      | Found a glowing golden altar of the Shining One.
  7421 | D:5      | Reached skill level 6 in Polearms
  7505 | D:5      | Noticed a yak
  7658 | D:5      | Reached skill level 7 in Polearms
  7753 | D:5      | Killed a yak
  7754 | D:5      | Reached skill level 8 in Polearms
  7754 | D:5      | Reached XP level 9. HP: 32/54 MP: 14/14
  7926 | D:5      | Noticed Blork the orc
  7936 | D:5      | Killed Blork the orc
  8113 | D:5      | Found a runed translucent door.
  8115 | D:5      | Noticed bande's ghost (novice GrFi)
  8332 | D:6      | Reached **** piety under Vehumet
  8343 | D:6      | Reached skill level 9 in Polearms
  8559 | D:6      | Offered knowledge of Conjure Flame by Vehumet.
  8672 | D:6      | Learned a level 5 spell: Freezing Cloud
  8931 | D:6      | Gained mutation: Your spells are a little harder to cast,
                  | but a little more powerful. [potion of mutation]
  8931 | D:6      | Gained mutation: Your flesh is cold resistant. (rC+)
                  | [potion of mutation]
  8931 | D:6      | Gained mutation: You sometimes lose the ability to read
                  | scrolls when taking damage. [potion of mutation]
  8932 | D:6      | Lost mutation: You sometimes lose the ability to read
                  | scrolls when taking damage. [potion of mutation]
  8932 | D:6      | Lost mutation: Your spells are a little harder to cast, but
                  | a little more powerful. [potion of mutation]
  8932 | D:6      | Gained mutation: You occasionally shout uncontrollably at
                  | your foes. [potion of mutation]
  8932 | D:6      | Gained mutation: You sometimes lose the ability to read
                  | scrolls when taking damage. [potion of mutation]
  9101 | D:7      | Found the necklace of Bloodlust {*Rage Will++ Int-3 Slay+6}
  9150 | D:7      | Reached skill level 10 in Polearms
  9276 | D:7      | Got the Disquisition on Malediction
  9345 | D:7      | Slain by a gnoll shaman

Illustrated notes

Levels and vault maps discovered:
D:1:      heliophobic_arrival_henge, layout_basic,
          hellmonk_ecumenical_altar_watching_god
D:2:      layout_basic
D:3:      minmay_inner_zag, layout_basic, nzn_wu_jian_council_hall,
          gammafunk_ghost_stat_death, kennysheep_jessica_study, uniq_jessica
D:4:      layout_loops_corners, hellmonk_ghost_happy_afterlife,
          lightli_ossuary_entry_decrepit_ruins, uniq_edmund
D:5:      minmay_clustersquares, layout_loops_ring, tso_metal_star,
          gammafunk_ghost_grave, uniq_blork_the_orc, uniq_eustachio
D:6:      layout_basic
D:7:      layout_loops_ring, minmay_temple_entry_glassed_door

Skill      XL: |  1  2  3  4  5  6  7  8  9 |
---------------+----------------------------+-----
Stealth        | 3 4 |  4.3
Unarmed Combat | 1 |  1.0
Short Blades   | 1 2 |  2.3
Fire Magic     | 1 2 |  2.1
Shields        | 1 |  1.2
Spellcasting   | 3 |  3.7
Fighting       | 1 |  1.7
Polearms       | 4 8 10 | 10.5
Dodging        | |  2.7
Conjurations   | |  4.9
Ice Magic      | |  0.2

Action                   |  1- 3 |  4- 6 |  7- 9 || total
-------------------------+-------+-------+-------++-------
Melee: Unarmed           |    10 |       |       ||    10
       Dagger            |    41 |    63 |    12 ||   116
       Constrict         |    10 |    10 |    46 ||    66
       Tentacles         |     3 |     9 |    67 ||    79
       Spear             |       |       |   244 ||   244
       Punch             |       |       |     1 ||     1
 Cast: Magic Dart        |    37 |    64 |    12 ||   113
       Scorch            |     3 |     9 |    12 ||    24
       Searing Ray       |     1 |     5 |     4 ||    10
       Freeze            |       |     1 |       ||     1
  Use: Potion            |     1 |     3 |     3 ||     7
       Scroll            |       |     6 |     4 ||    10
 Stab: Sleeping          |     6 |     4 |    20 ||    30
Armor: Skin              |     4 |    10 |    33 ||    47
Dodge: Dodged            |    28 |    58 |   116 ||   202
Block: Other             |    11 |    25 |    39 ||    75
       Reflection        |       |     1 |     1 ||     2

Table legend: (Time is in decaauts)
 A = Elapsed time spent in this place.
 B = Non-inter-level travel time spent in this place.
 C = Inter-level travel time spent in this place.
 D = Time resting spent in this place.
 E = Time spent auto-exploring this place.
 F = Levels seen in this place.
 G = Mean time per level.
                   A        B        C        D        E       F      G
               +--------+--------+--------+--------+--------+-----+--------+
         Total |   9278 |   9104 |    174 |   2264 |   5109 |   8 | 1159.8 |
       Dungeon |   8604 |   8430 |    174 |   1787 |   5036 |   7 | 1229.1 |
       Ossuary |    673 |    673 |      0 |    477 |     73 |   1 |  673.0 |
               +--------+--------+--------+--------+--------+-----+--------+

Top non-repeatable levels by time:
     D:3: 2040 daAuts
     D:5: 1497 daAuts
     D:1: 1439 daAuts
     D:4: 1372 daAuts
     D:2: 1145 daAuts
     D:6: 777 daAuts
 Ossuary: 673 daAuts
     D:7: 332 daAuts
